 Dungeon Crawl Stone Soup version 0.30-b1-2-g02819fbbbe (webtiles) character file.

Game seed: 12952682397409598578

70 Alarkh the Trooper (level 4, 35/35 HPs)
             Began as a Demonspawn Artificer on Nov 22, 2023.
             Got out of the dungeon alive.
             The game lasted 00:01:57 (1933 turns).

Alarkh the Trooper (Demonspawn Artificer)           Turns: 1933, Time: 00:01:57

Health: 35/35      AC:  5    Str: 13    XL:     4   Next: 3%
Magic:  4/4        EV: 11    Int: 14    God:
Gold:   97         SH:  0    Dex: 13    Spells: 3/3 levels left

rFire   . .          .
                       - Unarmed
rCold   . . .        (no shield)
rNeg    . . .        b - +0 leather armour
rPois   .            (no helmet)
rElec   .            (no cloak)
rCorr   .            (no gloves)
SInv    .            (no boots)
Will    .....        (no amulet)
Stlth   +            (no ring)
HPRegen 0.25/turn    (no ring)
MPRegen 0.09/turn

%: no passive effects
@: no status effects
A: claws 1, thin metallic scales 1, spiny 1
a: no special abilities


You escaped.
You visited 1 branch of the dungeon, and saw 3 of its levels.

You collected 97 gold pieces.

Inventory:

Hand Weapons
 c - a +0 dagger
Armour
 b - a +0 leather armour (worn)
Jewellery
 t - a ring of protection from cold
Wands
 a - a wand of flame (9) (quivered)
 d - a wand of charming (15)
 e - a wand of iceblast (5)
Scrolls
 g - 3 scrolls of teleportation {unknown}
 h - a scroll of immolation {unknown}
 l - a scroll of summoning {unknown}
 m - a scroll of acquirement {unknown}
 n - a scroll of enchant armour {unknown}
 p - a scroll of amnesia {unknown}
 u - 2 scrolls of identify {unknown}
 w - a scroll of fog {unknown}
Potions
 f - a potion of flight {unknown}
 i - a potion of degeneration {unknown}
 j - a potion of haste {unknown}
 k - a potion of lignification {unknown}
 o - a potion of brilliance {unknown}
 q - a potion of ambrosia {unknown}
 r - 3 potions of curing {unknown}
 s - a potion of might {unknown}
 v - a potion of heal wounds {unknown}


   Skills:
 + Level 3.3 Fighting
 - Level 1.7 Armour
 - Level 0.8 Dodging
 - Level 0.8 Stealth
 * Level 1.5 Unarmed Combat
 - Level 3.0 Evocations


You had 3 spell levels left.
You didn't know any spells.
Your spell library was empty.

Dungeon Overview and Level Annotations

Branches:
Dungeon (3/15)

Altars:


Innate Abilities, Weirdness & Mutations

You have sharp fingernails.
You are partially covered in thin metallic scales. (AC +2)
You are partially covered in sharp spines.


Message History

You scratch the kobold.
The kobold is heavily wounded.
The kobold closely misses you.
You scratch the kobold.
You kill the kobold!
You have reached level 4!
You feel stronger.
Your demonic ancestry asserts itself...
Thin metallic scales grow over part of your body.
w - a scroll labelled VEESE OFAET An endoplasm comes into view.
The endoplasm quivers.
An endoplasm is nearby!
An endoplasm is nearby!
The endoplasm closely misses you.
You scratch the endoplasm.
You kill the endoplasm!
No target in view!
No target in view!
No target in view!
No target in view!
No target in view!
No target in view!
No target in view!
No target in view!
Unknown command.
(D) Dungeon
Where to? (Enter - D:3, ? - help)
What level of the Dungeon? (default 1, ? - help)
There is a stone staircase leading up here.
You climb upwards.
There is a stone staircase leading down here.
There is a stone staircase leading up here.
You climb upwards.
There is a stone staircase leading down here.
You see here a +0 club.
You open the door.
There is an open door here.
There is a staircase leading out of the dungeon here.
Are you sure you want to leave the Dungeon?
This will make you lose the game!
You have escaped!

#.......#
#.......#####
#.......'.†..
#.......#####
#.......# #.. #####
#.......###.. #...#
#............
#.#'####..####......
#.#@##...## #......
#.#'#..### #......
#...#.## #####..
#.....# #.. ###..##
#.. ##..# #.. ###..##
### #..>..## #..
###.#..############..


There were no monsters in sight!

Vanquished Creatures
  An adder (D:2)
  2 dart slugs (D:2)
  7 ball pythons
  6 endoplasms
  3 giant cockroaches
  5 goblins
  3 hobgoblins
  7 jackals (D:1)
  2 quokkas (D:1)
  4 bats
  3 frilled lizards
  5 kobolds
  2 rats (D:1)
50 creatures vanquished.

Notes
Turn   | Place    | Note
-------+----------+-------------------------------------------
     0 | D:1      | Alarkh the Demonspawn Artificer began the quest for the
                  | Orb.
     0 | D:1      | Reached XP level 1. HP: 15/15 MP: 1/1
    91 | D:1      | Gained mutation: You are partially covered in sharp spines.
                  | [demonic ancestry]
    91 | D:1      | Reached XP level 2. HP: 15/22 MP: 2/2
   591 | D:1      | Gained mutation: You have sharp fingernails. [demonic
                  | ancestry]
   591 | D:1      | Reached XP level 3. HP: 28/29 MP: 3/3
   641 | D:1      | Found a faded altar of an unknown god.
  1335 | D:2      | Reached skill level 1 in Unarmed Combat
  1825 | D:3      | Gained mutation: You are partially covered in thin metallic
                  | scales. (AC +2) [demonic ancestry]
  1825 | D:3      | Reached XP level 4. HP: 35/35 MP: 4/4
  1933 | D:$      | Got out of the dungeon alive.

Illustrated notes

Levels and vault maps discovered:
D:1:      dpeg_arrival_tiny_c, layout_basic, chequers_ecumenical_altar_twisty
D:2:      layout_loops_corners, st_stairs_5, chequers_arboretum
D:3:      layout_loops_corners, uniq_jessica

Skill      XL: |  1  2  3 |
---------------+----------+-----
Fighting       | 2 3 |  3.3
Unarmed Combat | 1 |  1.5
Armour         | |  1.7
Dodging        | |  0.8
Stealth        | |  0.8
Evocations     | |  3.0

Action                     |  1- 3 |  4- 6 || total
---------------------------+-------+-------++-------
  Melee: Club              |    17 |       ||    17
         Dagger            |    49 |       ||    49
         Unarmed           |    43 |     1 ||    44
  Evoke: Wand              |     6 |       ||     6
   Stab: Sleeping          |     1 |       ||     1
 Armour: Leather armour    |    33 |       ||    33
  Dodge: Dodged            |    77 |     1 ||    78
